General information
- name: BNet
- type: Ladder team game (AT/RT)
- host: Battle.net
- saver: Streets_of_Fire
map: Deadlock
- players: 8
- length: 57:30
- speed: Fast
- version: 1.26 W3XP
- replay type: Public
» download(309 KB)
Players
team 1 (loser)

»
the_retarded (
red | 122 APM | 4364 actions | 35:37)
5 Warden
3 Shadow Strike
2 Blink
3 Demon Hunter
2 Mana Burn
1 Evasion
» actions
| Assign group hotkey | 231 | |
| Basic commands | 268 | |
| Build / train | 108 | |
| Enter build submenu | 20 | |
| Enter hero's abilities submenu | 8 | |
| Give item / drop item | 1 | |
| Remove unit from queue | 4 | |
| Right click | 1444 | |
| Select / deselect | 502 | |
| Select group hotkey | 1545 | |
| Use ability | 233 | |
4364 total
» units
| Wisp | 26 | |
| Archer | 24 | |
| Druid of the Claw | 7 | |
| Razormane Medicine Man | 1 | |
58 total
» upgrades
| Strength of the Moon | 3 | |
| Improved Bows | 1 | |
| Druid of the Claw Training | 2 | |
| Marksmanship | 1 | |
| Mark of the Claw | 1 | |
| Reinforced Hides | 1 | |
9 total
» buildings
| Altar of Elders | 1 | |
| Moon Well | 6 | |
| Ancient of War | 1 | |
| Tree of Ages | 3 | |
| Hunter's Hall | 1 | |
| Ancient of Wonders | 2 | |
| Tree of Eternity | 1 | |
| Ancient of Lore | 2 | |
| Tree of Life | 2 | |
19 total
» build order
00:17 Altar of Elders
00:28 Moon Well
00:34 Ancient of War
01:31 Moon Well
03:13 Tree of Ages
03:14 Tree of Ages
04:05 Moon Well
04:12 Hunter's Hall
04:56 Ancient of Wonders
04:58 Ancient of Wonders
06:18 Tree of Eternity
07:06 Ancient of Lore
08:58 Ancient of Lore
09:04 Moon Well
15:08 Tree of Life
19:06 Moon Well
19:08 Moon Well
20:53 Tree of Life
» items
| Moonstone | 1 | |
| Staff of Preservation | 1 | |
| Potion of Healing | 2 | |
| Boots of Speed | 1 | |
| Staff of Teleportation | 1 | |
| Scroll of Town Portal | 5 | |
| Anti-magic Potion | 1 | |
| Orb of Venom | 2 | |
| Dust of Appearance | 1 | |
15 total

»
tendolla (
teal | 22 APM | 1275 actions | 57:29)
3 Demon Hunter
2 Mana Burn
1 Evasion
2 Priestess of the Moon
1 Trueshot Aura
1 Searing Arrows
» actions
| Assign group hotkey | 6 | |
| Basic commands | 4 | |
| Build / train | 93 | |
| Enter build submenu | 34 | |
| Enter hero's abilities submenu | 6 | |
| Right click | 617 | |
| Select / deselect | 396 | |
| Select group hotkey | 60 | |
| Use ability | 59 | |
1275 total
» units
| Wisp | 44 | |
| Archer | 19 | |
| Hippogryph | 8 | |
| Druid of the Talon | 5 | |
76 total
» upgrades
| Hippogryph Taming | 1 | |
| Strength of the Moon | 1 | |
| Strength of the Wild | 1 | |
| Improved Bows | 1 | |
| Marksmanship | 1 | |
| Druid of the Talon Training | 2 | |
7 total
» buildings
| Altar of Elders | 1 | |
| Moon Well | 6 | |
| Ancient of War | 1 | |
| Hunter's Hall | 2 | |
| Tree of Life | 4 | |
| Ancient of Wonders | 2 | |
| Tree of Ages | 1 | |
| Ancient Protector | 8 | |
| Ancient of Wind | 3 | |
| Tree of Eternity | 1 | |
29 total
» build order
00:08 Altar of Elders
00:24 Moon Well
00:51 Ancient of War
01:56 Moon Well
02:46 Hunter's Hall
03:19 Hunter's Hall
04:02 Tree of Life
04:31 Ancient of Wonders
04:35 Moon Well
05:34 Tree of Life
05:53 Tree of Ages
06:21 Moon Well
07:24 Moon Well
09:04 Ancient Protector
09:08 Ancient Protector
09:36 Ancient Protector
10:03 Ancient of Wind
12:57 Ancient of Wind
13:05 Ancient of Wonders
13:20 Ancient Protector
13:27 Ancient Protector
15:06 Tree of Eternity
15:14 Moon Well
18:36 Ancient of Wind
20:53 Tree of Life
22:07 Tree of Life
26:08 Ancient Protector
26:15 Ancient Protector
29:12 Ancient Protector
» items
Toews19x (
green | 31 APM | 1760 actions | 57:29)
5 Dreadlord
2 Sleep
3 Carrion Swarm
» actions
| Assign group hotkey | 42 | |
| Basic commands | 34 | |
| Build / train | 80 | |
| Enter build submenu | 24 | |
| Enter hero's abilities submenu | 5 | |
| Give item / drop item | 1 | |
| Right click | 739 | |
| Select / deselect | 612 | |
| Select group hotkey | 180 | |
| Use ability | 43 | |
1760 total
» units
| Acolyte | 13 | |
| Ghoul | 10 | |
| Gargoyle | 24 | |
47 total
» upgrades
| Creature Attack | 3 | |
| Creature Carapace | 3 | |
| Stone Form | 1 | |
| Web | 1 | |
8 total
» buildings
| Crypt | 4 | |
| Altar of Darkness | 1 | |
| Ziggurat | 8 | |
| Tomb of Relics | 1 | |
| Graveyard | 1 | |
| Nerubian Tower | 2 | |
| Halls of the Dead | 2 | |
| Spirit Tower | 5 | |
| Necropolis | 1 | |
| Black Citadel | 1 | |
26 total
» build order
00:16 Crypt
00:23 Altar of Darkness
00:37 Ziggurat
01:04 Tomb of Relics
01:16 Ziggurat
02:13 Graveyard
02:39 Nerubian Tower
05:49 Halls of the Dead
05:50 Halls of the Dead
05:52 Ziggurat
05:57 Ziggurat
05:58 Ziggurat
06:10 Spirit Tower
06:26 Ziggurat
06:33 Crypt
06:35 Crypt
07:11 Spirit Tower
07:13 Nerubian Tower
07:21 Spirit Tower
07:22 Spirit Tower
08:21 Spirit Tower
08:23 Ziggurat
08:33 Necropolis
09:46 Ziggurat
09:57 Black Citadel
17:51 Crypt
» items
| Rod of Necromancy | 1 | |
| Dust of Appearance | 1 | |
| Boots of Speed | 1 | |
| Orb of Corruption | 1 | |
| Scroll of Town Portal | 3 | |
| Potion of Healing | 1 | |
8 total
RodTheGod (
purple | 65 APM | 3730 actions | 57:29)
8 Archmage
3 Summon Water Elemental
3 Brilliance Aura
1 Mass Teleport
1 Blizzard
» actions
| Assign group hotkey | 84 | |
| Basic commands | 308 | |
| Build / train | 152 | |
| ESC pressed | 2 | |
| Enter build submenu | 39 | |
| Enter hero's abilities submenu | 8 | |
| Give item / drop item | 4 | |
| Right click | 1281 | |
| Select / deselect | 313 | |
| Select group hotkey | 1358 | |
| Use ability | 181 | |
3730 total
» units
| Peasant | 18 | |
| Footman | 6 | |
| Gryphon Rider | 9 | |
| Dragonhawk Rider | 5 | |
38 total
» upgrades
| Backpack | 1 | |
| Masonry | 3 | |
| Defend | 1 | |
| Lumber Harvesting | 2 | |
| Swords | 3 | |
| Animal War Training | 1 | |
| Armor | 3 | |
| Storm Hammers | 1 | |
| Cloud | 1 | |
16 total
» buildings
| Altar of Kings | 1 | |
| Barracks | 1 | |
| Farm | 11 | |
| Arcane Vault | 1 | |
| Town Hall | 1 | |
| Scout Tower | 16 | |
| Lumber Mill | 1 | |
| Keep | 2 | |
| Blacksmith | 1 | |
| Guard Tower | 40 | |
| Castle | 2 | |
| Gryphon Aviary | 4 | |
81 total
» build order
00:38 Altar of Kings
00:40 Barracks
00:51 Farm
01:09 Farm
01:46 Farm
02:10 Arcane Vault
02:31 Farm
03:50 Town Hall
03:53 Scout Tower
03:55 Scout Tower
04:01 Lumber Mill
05:20 Keep
05:21 Keep
06:13 Blacksmith
06:23 Farm
06:45 Guard Tower
06:45 Guard Tower
06:46 Guard Tower
06:49 Scout Tower
06:50 Scout Tower
06:51 Scout Tower
06:53 Scout Tower
06:53 Scout Tower
07:18 Guard Tower
07:19 Guard Tower
07:20 Guard Tower
07:20 Guard Tower
07:22 Guard Tower
07:22 Guard Tower
07:22 Guard Tower
07:25 Guard Tower
07:54 Castle
07:54 Castle
09:19 Guard Tower
09:19 Guard Tower
09:19 Guard Tower
09:20 Guard Tower
09:20 Guard Tower
09:20 Guard Tower
09:23 Guard Tower
09:24 Guard Tower
09:41 Gryphon Aviary
10:26 Gryphon Aviary
14:20 Scout Tower
14:22 Scout Tower
15:10 Guard Tower
15:10 Guard Tower
15:11 Guard Tower
15:14 Scout Tower
15:15 Scout Tower
15:15 Scout Tower
15:16 Scout Tower
15:17 Scout Tower
15:18 Scout Tower
15:23 Scout Tower
15:31 Farm
15:32 Farm
15:54 Guard Tower
15:55 Guard Tower
15:55 Guard Tower
17:18 Guard Tower
17:18 Guard Tower
17:18 Guard Tower
17:52 Gryphon Aviary
17:55 Gryphon Aviary
18:44 Farm
18:46 Farm
18:47 Farm
19:36 Farm
» items
| Scroll of Regeneration | 6 | |
| Mechanical Critter | 5 | |
| Scroll of Town Portal | 2 | |
| Ivory Tower | 6 | |
| Lesser Clarity Potion | 1 | |
| Periapt of Vitality | 1 | |
| Staff of Teleportation | 1 | |
| Potion of Lesser Invulnerability | 1 | |
| Boots of Speed | 1 | |
24 total
team 2 (winner)

»
LemmeTry (
orange | 59 APM | 1236 actions | 20:58)
3 Keeper of the Grove
2 Entangling Roots
1 Thorns Aura
3 Priestess of the Moon
2 Trueshot Aura
1 Searing Arrows
» actions
| Assign group hotkey | 13 | |
| Basic commands | 5 | |
| Build / train | 70 | |
| ESC pressed | 2 | |
| Enter build submenu | 19 | |
| Enter hero's abilities submenu | 6 | |
| Right click | 718 | |
| Select / deselect | 210 | |
| Select group hotkey | 135 | |
| Use ability | 58 | |
1236 total
» units
| Wisp | 18 | |
| Archer | 10 | |
| Faerie Dragon | 7 | |
| Hippogryph | 17 | |
52 total
» upgrades
| Improved Bows | 1 | |
| Strength of the Wild | 2 | |
| Hippogryph Taming | 1 | |
4 total
» buildings
| Altar of Elders | 2 | |
| Moon Well | 9 | |
| Ancient of War | 1 | |
| Ancient of Wonders | 1 | |
| Hunter's Hall | 1 | |
| Tree of Ages | 1 | |
| Ancient of Wind | 1 | |
| Ancient of Lore | 1 | |
| Ancient Protector | 1 | |
18 total
» build order
00:11 Altar of Elders
00:17 Moon Well
00:50 Ancient of War
01:35 Moon Well
01:58 Ancient of Wonders
02:47 Moon Well
03:11 Hunter's Hall
04:24 Tree of Ages
05:20 Moon Well
06:17 Moon Well
06:51 Ancient of Wind
06:56 Ancient of Lore
08:34 Ancient Protector
09:35 Moon Well
12:54 Moon Well
15:07 Moon Well
18:08 Altar of Elders
18:24 Moon Well
» items
| Scroll of Town Portal | 2 | |
| Lesser Clarity Potion | 1 | |
| Potion of Mana | 1 | |
4 total

»
GrandpaGimp (
yellow | 58 APM | 931 actions | 16:09)
3 Death Knight
2 Death Coil
1 Unholy Aura
» actions
| Assign group hotkey | 32 | |
| Basic commands | 86 | |
| Build / train | 41 | |
| Enter build submenu | 23 | |
| Enter hero's abilities submenu | 3 | |
| Right click | 376 | |
| Select / deselect | 180 | |
| Select group hotkey | 132 | |
| Use ability | 58 | |
931 total
» units
| Acolyte | 9 | |
| Ghoul | 4 | |
| Crypt Fiend | 10 | |
23 total
» upgrades
| Creature Carapace | 2 | |
| Burrow | 1 | |
| Web | 1 | |
4 total
» buildings
| Crypt | 2 | |
| Graveyard | 1 | |
| Ziggurat | 4 | |
| Altar of Darkness | 1 | |
| Tomb of Relics | 1 | |
| Halls of the Dead | 1 | |
| Black Citadel | 2 | |
| Spirit Tower | 3 | |
| Sacrificial Pit | 1 | |
16 total
» build order
00:11 Crypt
00:16 Graveyard
00:44 Ziggurat
01:19 Altar of Darkness
01:46 Ziggurat
02:30 Crypt
02:44 Tomb of Relics
04:47 Halls of the Dead
05:56 Ziggurat
08:02 Black Citadel
08:18 Ziggurat
10:26 Black Citadel
12:19 Spirit Tower
12:19 Spirit Tower
12:22 Spirit Tower
14:01 Sacrificial Pit
» items
| Rod of Necromancy | 1 | |
| Healing Salve | 1 | |
| Scroll of Town Portal | 2 | |
4 total
Streets_of_Fire (
pink | 48 APM | 2755 actions | 57:30)
10 Blademaster
3 Wind Walk
3 Critical Strike
1 Bladestorm
3 Mirror Image
» actions
| Assign group hotkey | 114 | |
| Basic commands | 200 | |
| Build / train | 95 | |
| Enter build submenu | 66 | |
| Enter hero's abilities submenu | 11 | |
| Remove unit from queue | 2 | |
| Right click | 1246 | |
| Select / deselect | 393 | |
| Select group hotkey | 420 | |
| Use ability | 208 | |
2755 total
» units
| Peon | 14 | |
| Grunt | 4 | |
| Wind Rider | 10 | |
| Troll Batrider | 6 | |
34 total
» upgrades
| Armor | 3 | |
| Ranged Weapons | 3 | |
| Reinforced Defenses | 1 | |
| Troll Regeneration | 1 | |
| Liquid Fire | 1 | |
| Envenomed Spears | 1 | |
10 total
» buildings
| Orc Burrow | 7 | |
| Altar of Storms | 1 | |
| Barracks | 1 | |
| Voodoo Lounge | 2 | |
| Stronghold | 1 | |
| Great Hall | 2 | |
| War Mill | 2 | |
| Beastiary | 3 | |
| Watch Tower | 44 | |
| Fortress | 1 | |
64 total
» build order
00:15 Orc Burrow
00:50 Altar of Storms
00:51 Barracks
01:04 Orc Burrow
01:43 Voodoo Lounge
02:54 Stronghold
03:55 Orc Burrow
04:38 Great Hall
04:53 War Mill
06:42 Beastiary
06:44 Beastiary
07:54 Watch Tower
07:54 Watch Tower
07:54 Watch Tower
07:55 Watch Tower
09:22 Fortress
11:31 Watch Tower
11:31 Watch Tower
11:32 Watch Tower
12:24 Watch Tower
12:24 Watch Tower
13:52 Beastiary
14:37 Watch Tower
14:39 Watch Tower
16:00 Orc Burrow
18:32 Watch Tower
18:32 Watch Tower
18:33 Watch Tower
18:33 Watch Tower
18:34 Watch Tower
18:35 Watch Tower
18:36 Watch Tower
22:03 Watch Tower
22:09 Watch Tower
22:10 Watch Tower
22:10 Watch Tower
24:54 Orc Burrow
24:54 Orc Burrow
24:58 Orc Burrow
25:12 Watch Tower
25:13 Watch Tower
25:13 Watch Tower
25:13 Watch Tower
25:14 Watch Tower
26:22 Great Hall
26:25 Watch Tower
26:26 Watch Tower
26:26 Watch Tower
26:26 Watch Tower
31:23 Watch Tower
31:24 Watch Tower
31:24 Watch Tower
31:24 Watch Tower
31:25 Watch Tower
31:45 Voodoo Lounge
31:59 Watch Tower
32:01 Watch Tower
32:04 Watch Tower
32:07 Watch Tower
35:34 War Mill
» items
| Healing Salve | 8 | |
| Scroll of Town Portal | 5 | |
| Potion of Healing | 8 | |
| Orb of Lightning | 1 | |
| Lesser Clarity Potion | 3 | |
| Potion of Mana | 5 | |
| Potion of Lesser Invulnerability | 3 | |
| Tiny Great Hall | 1 | |
| Periapt of Vitality | 1 | |
| Staff of Teleportation | 1 | |
36 total
REDBRICKROAD (
blue | 58 APM | 3030 actions | 52:18)
8 Blademaster
3 Wind Walk
3 Critical Strike
1 Bladestorm
1 Mirror Image
1 Shadow Hunter
1 Healing Wave
» actions
| Assign group hotkey | 51 | |
| Basic commands | 37 | |
| Build / train | 115 | |
| Enter build submenu | 28 | |
| Enter hero's abilities submenu | 9 | |
| Give item / drop item | 2 | |
| Remove unit from queue | 1 | |
| Right click | 1289 | |
| Select / deselect | 376 | |
| Select group hotkey | 868 | |
| Use ability | 254 | |
3030 total
» units
| Peon | 21 | |
| Wind Rider | 6 | |
| Troll Batrider | 17 | |
| Raider | 4 | |
48 total
» upgrades
| Reinforced Defenses | 1 | |
| Envenomed Spears | 1 | |
| Ranged Weapons | 3 | |
| Liquid Fire | 1 | |
| Armor | 3 | |
| Ensnare | 1 | |
| Melee Weapons | 1 | |
| Pillage | 1 | |
12 total
» buildings
| Altar of Storms | 1 | |
| Orc Burrow | 6 | |
| War Mill | 1 | |
| Voodoo Lounge | 2 | |
| Watch Tower | 24 | |
| Stronghold | 5 | |
| Fortress | 2 | |
| Beastiary | 3 | |
| Great Hall | 2 | |
| Ancient Protector | 4 | |
50 total
» build order
00:08 Altar of Storms
00:21 Orc Burrow
00:38 War Mill
01:13 Voodoo Lounge
01:53 Watch Tower
02:15 Watch Tower
03:06 Stronghold
03:06 Stronghold
03:07 Stronghold
03:28 Orc Burrow
03:51 Orc Burrow
04:53 Orc Burrow
04:57 Watch Tower
05:28 Fortress
05:31 Beastiary
05:46 Beastiary
06:08 Watch Tower
06:12 Watch Tower
10:03 Orc Burrow
11:27 Watch Tower
11:27 Watch Tower
11:28 Watch Tower
11:28 Watch Tower
11:30 Watch Tower
12:35 Watch Tower
14:10 Watch Tower
14:10 Watch Tower
14:17 Great Hall
15:41 Watch Tower
15:41 Watch Tower
15:41 Watch Tower
19:02 Beastiary
19:44 Watch Tower
19:44 Watch Tower
20:59 Watch Tower
20:59 Watch Tower
21:40 Orc Burrow
22:26 Ancient Protector
22:26 Ancient Protector
22:27 Ancient Protector
22:28 Ancient Protector
24:29 Great Hall
25:43 Watch Tower
25:43 Watch Tower
25:44 Watch Tower
25:44 Watch Tower
25:46 Voodoo Lounge
» items
| Healing Salve | 5 | |
| Lesser Clarity Potion | 4 | |
| Staff of Teleportation | 2 | |
| Orb of Lightning | 1 | |
| Tiny Great Hall | 1 | |
| Scroll of Town Portal | 5 | |
| Potion of Healing | 1 | |
| Potion of Mana | 5 | |
| Potion of Lesser Invulnerability | 3 | |
| Scroll of Healing | 2 | |
| Boots of Speed | 1 | |
30 total
Chat log
(00:11 / All) Streets_of_Fire: I DONT UNDERSTAND TELL ME HOW YOU COLD BNE SO LLOW
(00:35 / Allies) LemmeTry: hi
(00:40 / All) GrandpaGimp: gl
(00:47 / Allies) GrandpaGimp: units?
(00:54 / Allies) LemmeTry: ranged and aa
(01:26 / Allies) REDBRICKROAD: wyvenr batssssssssss
(01:32 / Allies) GrandpaGimp: yawn
(01:35 / Allies) GrandpaGimp: better be good
(01:38 / Allies) REDBRICKROAD: oh no u didnt
(01:43 / Allies) LemmeTry: OH YES HE DID
(01:47 / Allies) GrandpaGimp: ^
(02:51 / All) REDBRICKROAD: bad boy
(02:58 / All) GrandpaGimp: lol
(04:11 / Allies) Streets_of_Fire: yellow wtf
(04:26 / Allies) Streets_of_Fire: yellow wtf
(04:30 / Allies) GrandpaGimp: zz
(04:37 / Allies) REDBRICKROAD: its pinks natural
(05:14 / Allies) REDBRICKROAD: oj clear me an expo doawg
(05:27 / Allies) LemmeTry: k 1 sec
(06:08 / Allies) GrandpaGimp: fkin pink
(06:18 / Allies) Streets_of_Fire: That's my natural
(06:22 / Allies) GrandpaGimp: rofl
(06:23 / Allies) Streets_of_Fire: you think I should take the one you tried?
(06:26 / Allies) GrandpaGimp: you have two naturals
(06:27 / Allies) REDBRICKROAD: wha tpink do
(06:33 / Allies) Streets_of_Fire: no the other one is my natural
(06:41 / Allies) GrandpaGimp: your a moron
(06:44 / Allies) GrandpaGimp: the base is symetric
(06:48 / Allies) Streets_of_Fire: no it isn't
(06:55 / Allies) GrandpaGimp: what a retard
(06:59 / Allies) Streets_of_Fire: You're the retard
(07:03 / Allies) Streets_of_Fire: this one takes more walking distance
(07:13 / Allies) LemmeTry: who cares
(07:16 / Allies) LemmeTry: stop bickering
(07:16 / Allies) GrandpaGimp: whiny bitch
(07:22 / Allies) Streets_of_Fire: you're hte one whining
(07:22 / All) REDBRICKROAD: truce teal
(07:27 / All) tendolla: nope
(07:34 / Allies) GrandpaGimp: untaken expos
(07:39 / Allies) GrandpaGimp: nice play teal
(07:58 / All) tendolla: oww
(08:00 / Allies) LemmeTry: i win
(09:23 / All) GrandpaGimp: so many mh in this game
(09:31 / All) RodTheGod: oh?
(09:44 / All) GrandpaGimp: anti-mh detects it
(09:49 / All) RodTheGod: who is mhing/
(09:50 / All) RodTheGod: ?
(11:58 / Allies) GrandpaGimp: fkin pink
(12:28 / Allies) Streets_of_Fire: lumber?
(12:37 / Allies) GrandpaGimp: gold
(12:38 / Allies) GrandpaGimp: for lumb
(13:07 / Allies) REDBRICKROAD: coming
(13:11 / All) RodTheGod: nice trapped your own acolytes
(13:22 / All) GrandpaGimp: lol you srs?
(13:35 / Allies) Streets_of_Fire: what are oyu doing
(13:37 / All) RodTheGod: yeah you trapped them in the corner lol
(13:40 / Allies) LemmeTry: come
(13:53 / All) GrandpaGimp: king of the obvious?
(14:13 / Allies) GrandpaGimp: honestly
(14:17 / Allies) GrandpaGimp: this is a worthless team
(14:29 / Allies) LemmeTry: no
(14:49 / Allies) Streets_of_Fire: help jakle
(14:53 / Allies) Streets_of_Fire: help jake
(14:57 / Allies) LemmeTry: wtf r u doing
(14:58 / Allies) LemmeTry: stop
(15:01 / Allies) Streets_of_Fire: "stop whining"
(15:12 / Allies) Streets_of_Fire: are you a single child yellow lol
(15:15 / Allies) LemmeTry: fucking yellow
(15:16 / Allies) LemmeTry: why
(15:31 / Allies) Streets_of_Fire: because he's a cry baby
(15:37 / Allies) LemmeTry: we need to attack now
(15:58 / Allies) GrandpaGimp: you guys have been probably playing this game for like 2 weeks
(16:01 / Allies) GrandpaGimp: dumb noobs
(16:03 / All) Streets_of_Fire: basically he's mad
(16:07 / All) Streets_of_Fire: because I took expansion before him
(16:11 / All) Streets_of_Fire: I was already there creeping it
(16:16 / All) LemmeTry: yellow fucking nig
(16:28 / All) Streets_of_Fire: He said "both were my naturals" and they were syemtric
(16:30 / All) Streets_of_Fire: and wouldn't listen
(18:56 / Allies) REDBRICKROAD: wood meo j
(20:08 / Allies) LemmeTry: gold p,z blue
(23:07 / All) Streets_of_Fire: mher lol
(23:12 / All) RodTheGod: obvious hacker
(23:45 / Allies) REDBRICKROAD: rod threw me off big time
(26:59 / All) RodTheGod: The maphacker has been dealt with
(27:03 / All) RodTheGod: 0/0 food
(27:25 / All) Streets_of_Fire: I think you need your expo more than I need mine LOL
(27:31 / All) RodTheGod: Admit it faggot green
(27:33 / All) RodTheGod: you hack
(27:35 / All) RodTheGod: stop denying it
(27:40 / All) RodTheGod: even yellow said there were mhers this game
(27:47 / All) Streets_of_Fire: It's obvious
(27:55 / All) Streets_of_Fire: He revealled himself when he dusted my bm for no reason
(27:56 / All) RodTheGod: he's denying it all game
(28:08 / All) RodTheGod: Now he's trying to turn it on me
(28:10 / All) RodTheGod: and say I'm the mher
(28:17 / All) Toews19x: you revealed it when you purposely sent that bm windwalked into mine but leaving your units out of sight
(29:40 / All) RodTheGod: Hacker down
(29:45 / All) RodTheGod: peace at last
(29:46 / All) RodTheGod: ahhh
(29:49 / All) RodTheGod: green is eliminated
(30:11 / All) RodTheGod: he says "im staying all game buddy like i care"
(30:17 / All) RodTheGod: yeah it's dead because of hacker fags like you, boy
(30:41 / All) RodTheGod: because of hacker fags like you, boy
(30:50 / All) RodTheGod: people quit from fags like you boy
(32:09 / All) RodTheGod: Green says he's a musician who has toured 45 states
(32:17 / All) RodTheGod: Green what kind of music do you play? what's your band name?
(33:24 / All) REDBRICKROAD: any chance red hacks?
(33:35 / All) Streets_of_Fire: asfdfsadfsdafsad
(33:41 / All) the_retarded: ?
(33:52 / All) RodTheGod: Green you still haven't said what kind of music you play
(33:53 / All) the_retarded: my team mad just haha noob you got your chance
(34:04 / All) REDBRICKROAD: wait what
(34:06 / All) REDBRICKROAD: who u calling noob
(34:15 / All) tendolla: every1 in this game is
(34:27 / All) RodTheGod: Oh from Ontario
(34:33 / All) RodTheGod: you're a shitty melodic hardcore band?
(34:59 / All) Streets_of_Fire: nvm
(35:00 / All) Streets_of_Fire: lol
(35:08 / All) RodTheGod: do you think you're better than me as a musician for playing popular shitty hardcore punk
(35:15 / All) the_retarded: yeah nvm lol u think you good hahahah poor noob
(35:17 / All) RodTheGod: are you brendan murphy
(35:21 / All) RodTheGod: jesse doren
(35:25 / All) RodTheGod: or adrian lee lol
(35:34 / All) RodTheGod: or the bassist or drummer
(35:40 / All) RodTheGod: Brian Kaczmarczyk ?
(35:47 / All) RodTheGod: Kelly Bilan?
(35:49 / All) tendolla: cause every1 here is
(35:51 / All) tendolla: is y
(36:10 / All) RodTheGod: You have some dime a dozen band no one will remember in 20 years big whoop
(36:51 / All) RodTheGod: how much money does your horrendous music make?
(37:31 / All) RodTheGod: Well if you play shit that bad I'd think it was for the money and fame
(37:53 / All) tendolla: purp u sound like 1 of those prudes noone likes
(38:06 / All) RodTheGod: "experience, passion, adventure" over pursuing playing hundreds of years of music history and studying classical violin
(38:16 / All) RodTheGod: lawl
(38:59 / All) RodTheGod: do you act like the clown you are in wc3 irl?
(39:10 / All) RodTheGod: I'm sure you connect with kids real good if you act this autistic LOL
(39:56 / All) RodTheGod: you're as bad at the game as you are at music
(40:13 / All) tendolla: ur no better
(40:29 / All) RodTheGod: I doubt your 'hardcore' garbage is playable on classical and traditional instruments
(40:38 / All) RodTheGod: why would I learn it when I could learn something good
(41:04 / All) tendolla: purp just cause u think something good dont mean it is
(41:08 / All) RodTheGod: educate me on the value of your music, even a shit contemporary composer would make better
(41:14 / All) RodTheGod: since they spend years studying music theory
(41:45 / All) RodTheGod: oh yeah you connect with youth since they enjoy the same kind of trash
(42:04 / All) RodTheGod: I'm very passionate about my studying and playing and have a lot of people to connect with
(42:09 / All) RodTheGod: plus it's actually intellectual
(42:34 / All) RodTheGod: it's not just an impression lol
(42:37 / All) tendolla: there is a difference from that and being some1 with a divk up there ass
(43:04 / All) RodTheGod: lol
(43:35 / All) RodTheGod: Ohhhh he's hashtagging me now apparently, #outnumbered
(43:43 / All) RodTheGod: retard lawl
(43:54 / All) RodTheGod: you never did say which band member you are
(44:12 / All) RodTheGod: are you the drummer or bassist green, you said you aren't any of the others
(45:01 / All) RodTheGod: I don't play in "bands" I play solo and I'm hoping to play in some orchestras
(45:04 / All) Toews19x: if you kill the tower its over
(45:15 / All) REDBRICKROAD: green why are you telling me this
(45:37 / All) REDBRICKROAD: is ur brand really famous green
(45:39 / All) RodTheGod: Well, I've not been playing for more than a few years so I'm not even looking for one yet
(45:43 / All) Toews19x: my brand, yes
(46:03 / All) REDBRICKROAD: how much do u make a year on average
(46:15 / All) Toews19x: probably less than a grand
(49:13 / All) Streets_of_Fire: lawl he finally squelched me "grow up kid"
(49:29 / All) Streets_of_Fire: he had a big grin on his face when he failed his tk lol
(49:33 / All) Streets_of_Fire: o'tay
(49:36 / All) Streets_of_Fire: told me to play solo
(49:46 / All) Streets_of_Fire: these people on here are retarded
(49:50 / All) REDBRICKROAD: grandpa gimp?
(51:19 / All) REDBRICKROAD: da trees got me
(51:52 / All) REDBRICKROAD: teal and green still hereh lawl
(51:53 / All) REDBRICKROAD: wtf
(51:56 / All) REDBRICKROAD: teal y u here
(52:18 / All) tendolla: cause im tired and bored
(52:24 / All) Streets_of_Fire: iight
(52:36 / All) Streets_of_Fire: end at your pleasure
(52:53 / All) tendolla: i dont understand
(53:02 / All) tendolla: y u guys couldnt get the tower
(53:08 / All) tendolla: dont u have bases
(53:25 / All) Streets_of_Fire: I was eradicating every vestage of blue's control in this game
(53:27 / All) Streets_of_Fire: first
(54:47 / All) Streets_of_Fire: your band sucks if that's really your band
(54:55 / All) Streets_of_Fire: but seems semi-popular
(54:56 / All) RodTheGod: lawl pink agrees
(55:02 / All) Streets_of_Fire: so I'm sure you get a lot of poon
(55:05 / All) Toews19x: its okay
(55:17 / All) Toews19x: misguided
(55:35 / All) RodTheGod: Pink whose music has more value, his or the classically trained violinists'?
(55:47 / All) Streets_of_Fire: violin
(55:52 / All) Toews19x: value? yours... obviously. that wasnt the argument
(55:52 / All) tendolla: chicken
(56:03 / All) RodTheGod: I'm glad you finally admit my music is better
(56:10 / All) Toews19x: better? thats opinion
(56:19 / All) Streets_of_Fire: It's not
(56:31 / All) Streets_of_Fire: Just like people that argue that beauty is in the eye of the behold
(56:32 / All) Streets_of_Fire: er
(56:36 / All) Streets_of_Fire: when it comes to looks
(56:41 / All) Toews19x: going afk till games over! :)
(56:49 / All) RodTheGod: Any final words for us?
(56:50 / All) tendolla: some ppl like fat others dont
(56:52 / All) Streets_of_Fire: but there's many studies on beautiful faces
(56:59 / All) Streets_of_Fire: and how our preference for them is hardwired
(57:07 / All) tendolla: on 1s w more eggs
(57:08 / All) Streets_of_Fire: That's mental illness